 Dungeon Crawl Stone Soup version 0.25-a0-589-g1e14c549ee (webtiles) character file.

Game seed: 10477702218553922102, levelgen mode: deterministic

62 Kohma the Skirmisher (level 3, -2/33 HPs)
             Began as a Draconian Fighter on Mar 10, 2020.
             Slain by a goblin (5 damage)
             ... led by Robin
             ... on level 2 of the Dungeon.
             The game lasted 00:02:45 (1488 turns).

Kohma the Skirmisher (Draconian Fighter)            Turns: 1488, Time: 00:02:46

Health: -2/33      AC:  5    Str: 18    XL:     3   Next: 85%
Magic:  3/3        EV: 10    Int:  9    God:
Gold:   70         SH:  9    Dex: 10    Spells: 2/2 levels left

rFire    . . .     SeeInvis .   k - +2 whip (flame)
rCold    . . .     Gourm    .   a - +0 kite shield
rNeg     . . .     Faith    .   (armour unavailable)
rPois    .         Spirit   .   (helmet restricted)
rElec    .         Reflect  .   (no cloak)
rCorr    .         Harm     .   (no gloves)
MR       .....                  (no boots)
Stlth    +.........             (no amulet)
HPRegen  0.11/turn              (no ring)
MPRegen  0.08/turn              (no ring)

@: mighty
A: unfitting armour, cold-blooded, AC +5
a: no special abilities


You were on level 2 of the Dungeon.
You were not hungry.

You visited 1 branch of the dungeon, and saw 2 of its levels.

You collected 70 gold pieces.

Inventory:

Hand Weapons
 k - a +2 whip of flaming (weapon)
Missiles
 g - 36 arrows
 p - 4 javelins (quivered)
Armour
 a - a +0 kite shield (worn)
Jewellery
 f - an uncursed ring of stealth {unknown}
 j - an uncursed ring of see invisible {unknown}
Scrolls
 e - a scroll of noise {unknown}
 h - a scroll of teleportation {unknown}
 l - 2 scrolls of remove curse {unknown}
 q - a scroll of identify {unknown}
Potions
 d - 2 potions of curing {unknown}
 i - 3 potions of heal wounds {unknown}
 m - 2 potions of degeneration {unknown}
 o - a potion of flight {unknown}
Comestibles
 c - 3 rations
 n - 3 chunks of flesh


   Skills:
 + Level 3.7 Fighting
 * Level 3.4 Dodging
 + Level 3.3 Shields
 + Level 2.6 Unarmed Combat


You had 2 spell levels left.
You didn't know any spells.
Your spell library was empty.

Dungeon Overview and Level Annotations

Branches:
Dungeon (2/15)

Altars:


Innate Abilities, Weirdness & Mutations

Your plain brown scales are hard. (AC +5)
You cannot fit into any form of body armour.
You are cold-blooded and may be slowed by cold attacks.


Message History

You hit Robin. You burn Robin.
Robin is heavily wounded.
Robin says, "My army is invincible!"
The goblin shoots a stone.
You block the stone. You block the goblin's attack.
You whack Robin! You burn Robin.
You kill Robin!
The goblin shoots a stone.
The stone hits you.
* * * LOW HITPOINT WARNING * * *
You block the goblin's attack.
You miss the goblin.
The goblin shoots a stone.
You block the stone. The goblin hits you with a +0 club.
* * * LOW HITPOINT WARNING * * *
You barely miss the goblin.
The goblin no longer looks unusually strong.
The goblin shoots a stone.
The stone completely misses you.
The stone hits the goblin.
The goblin dies!
The goblin no longer looks unusually strong.
The goblin unwields a +0 hunting sling.
The goblin hits you.
You die...

#....#.# #......
#....#.### #....
#........# #.#..
##.##....# #.#..
#..#....#######.##.
##.#.........##.##.
#.#.........##.##.
#g########..##.###
#@## #....)### #)(#
###...รท.. ##g#
###(### #.# #....
#.# #(### #.# #.#
#.# #.# #.# ... #.#
##.


You could see 2 goblins.

Vanquished Creatures
  Robin (D:2)
  An adder (D:2)
  3 leopard geckos
  5 bats
  A giant cockroach (D:2)
  6 goblins
  4 hobgoblins
  5 frilled lizards
  9 kobolds
  6 rats
41 creatures vanquished.

Vanquished Creatures (others)
  A goblin (D:2)
1 creature vanquished.

Grand Total: 42 creatures vanquished

Notes
Turn   | Place    | Note
-------+----------+-------------------------------------------
     0 | D:1      | Kohma the Draconian Fighter began the quest for the Orb.
     0 | D:1      | Reached XP level 1. HP: 19/19 MP: 1/1
   250 | D:1      | Reached XP level 2. HP: 23/26 MP: 2/2
  1176 | D:2      | Reached XP level 3. HP: 18/31 MP: 3/3
  1470 | D:2      | Noticed Robin
  1485 | D:2      | Killed Robin
  1488 | D:2      | Slain by a goblin

Levels and vault maps discovered:
D:1:      tarquinn_simple_flora_water_f, layout_basic
D:2:      layout_rooms, first_ration, uniq_robin

Skill      XL: |  1  2 |
---------------+-------+-----
Dodging        | 3 |  3.4
Fighting       | |  3.7
Shields        | |  3.3
Unarmed Combat | |  2.6

Action                   || total
-------------------------++-------
Melee: Unarmed           ||    32
       Tailslap          ||    11
       Whip              ||    89
  Use: Potion            ||     1
  Eat: Chunk             ||     2
Armor: Skin              ||    38
Dodge: Dodged            ||    71
Block: Kite shield       ||    82

Table legend:
 A = Non-vault XP
 B = Vault XP
 C = Vault XP percentage of total XP
 D = Non-vault monster count
 E = Vault monster count
 F = Vault count percentage of total count
                 A         B        C        D         E       F
            +---------+---------+-------+---------+---------+-------
      Total |      64 |      25 |  28.1 |      35 |       6 |  14.6
            +---------+---------+-------+---------+---------+-------
        D:1 |      18 |       0 |   0.0 |      13 |       0 |   0.0
        D:2 |      46 |      25 |  35.2 |      22 |       6 |  21.4
            +---------+---------+-------+---------+---------+-------
